 Dungeon Crawl Stone Soup version 0.30-a0-1035-g38d5fb2972 (webtiles) character file.

Game seed: 7927189691329449608

9261 DeathPants the Tainter (level 11, -11/103 HPs)
             Began as a Naga Venom Mage on Apr 8, 2023.
             Was an Elder of Kikubaaqudgha.
             Mangled by a sixfirhy (12 damage)
             ... summoned by a kobold demonologist
             ... on level 9 of the Dungeon.
             The game lasted 00:46:05 (14125 turns).

DeathPants the Tainter (Naga Venom Mage)           Turns: 14125, Time: 00:46:06

Health: -11/103    AC:  7    Str: 10    XL:     11   Next: 43%
Magic:  17/23      EV: 11    Int: 19    God:    Kikubaaqudgha [****..]
Gold:   437        SH:  0    Dex: 19    Spells: 11/26 levels left

rFire   . . .      SeeInvis +    a - +1 short sword (elec)
rCold   . . .      Faith    .    (no shield)
rNeg    . . .      Spirit   .    o - +0 troll leather armour
rPois   +          Reflect  .    y - +0 helmet
rElec   .          Rampage  .    (no cloak)
rCorr   .                        u - +0 pair of gloves
Will    +....                    (no barding)
Stlth   ++++                     s - amulet of regeneration
HPRegen 1.97/turn                n - +6 ring of dexterity
MPRegen 0.18/turn                p - +4 ring of protection

@: corroded, very slow
A: AC +3, large, see invisible, deformed body, poison resistance, slowness 2,
spit poison 1, naga tail 1
a: Spit Poison, Renounce Religion, Unearth Wretches


You were on level 9 of the Dungeon.
You worshipped Kikubaaqudgha.
Kikubaaqudgha was greatly pleased with you.
You visited 1 branch of the dungeon, and saw 10 of its levels.

You collected 437 gold pieces.

Inventory:

Hand Weapons
 a - a +1 short sword of electrocution (weapon)
 b - a +4 dagger of speed
 g - a +1 trident of protection
 C - a +2 dagger of holy wrath
Armour
 e - a +2 buckler
 h - +0 acid dragon scales
 l - a +0 robe
 o - a +0 troll leather armour (worn)
 u - a +0 pair of gloves (worn)
 y - a +0 helmet (worn)
Jewellery
 i - a +6 ring of strength
 n - a +6 ring of dexterity (left hand)
 p - a +4 ring of protection (right hand)
 s - an amulet of regeneration (around neck)
 v - a ring of flight
 H - a ring of protection from cold
Wands
 q - a wand of paralysis (17)
 A - a wand of polymorph (9)
Scrolls
 f - a scroll of vulnerability
 j - 3 scrolls of magic mapping
 t - a scroll of amnesia
 x - a scroll of identify
 D - a scroll of brand weapon
 F - a scroll of blinking
 G - a scroll of teleportation
 I - a scroll of fear
Potions
 c - 5 potions of flight
 d - a potion of lignification
 k - a potion of heal wounds
 m - a potion of brilliance
 r - 3 potions of attraction
 w - a potion of invisibility
 z - a potion of mutation
 B - 4 potions of haste {unknown}
 E - a potion of magic


   Skills:
 - Level 8.0 Fighting
 - Level 6.0 Short Blades
 - Level 4.0 Dodging
 - Level 8.0 Stealth
 - Level 8.0 Spellcasting
 - Level 4.0 Conjurations
 + Level 3.2 Necromancy
 - Level 1.0 Transmutations
 - Level 4.0 Air Magic
 - Level 10.0 Poison Magic


You had 11 spell levels left.
You knew the following spells:

 Your Spells              Type           Power      Damage    Failure   Level
a - Poisonous Vapours     Pois/Air       68%        N/A       1%          2
b - Sublimation of Blood  Necr           20%        N/A       4%          2
c - Mephitic Cloud        Conj/Pois/Air  30%        N/A       3%          3
d - Olgreb's Toxic Radia  Pois           45%        N/A       1%          4
e - Animate Dead          Necr           20%        N/A       32%         4

Your spell library contained the following spells:

 Spells                   Type           Power      Damage    Failure   Level
 Sting                    Tmut/Pois      100%       1d8       1%          1
 Necrotise                Necr           80%        1d8       3%          1
 Vampiric Draining        Necr           20%        2d7       10%         3
 Summon Small Mammal      Summ           28%        N/A       12%         1
 Call Canine Familiar     Summ           7%         N/A       36%         3
 Summon Guardian Golem    Hex/Summ       7%         N/A       36%         3
 Anguish                  Hex/Necr       6%         N/A       54%         4
 Agony                    Necr           20%        N/A       65%         5
 Cause Fear               Hex            3%         N/A       77%         4
 Borgnjor's Vile Clutch   Necr/Erth      6%         N/A       87%         5
 Simulacrum               Ice/Necr       6%         N/A       100%        6
 Enfeeble                 Hex            3%         N/A       100%        7


Dungeon Overview and Level Annotations

Branches:
Dungeon (10/15)            Temple (0/1) D:6
   Lair: D:8-11         Orc: D:9-12

Altars:
Cheibriados
Dithmenos
Fedhas
Kikubaaqudgha
Makhleb
Ru
Uskayaw
Vehumet
Wu Jian

Shops:
D:4 :   D:9 *


Innate Abilities, Weirdness & Mutations

Your serpentine skin is tough. (AC +3)
You have supernaturally acute eyesight. (SInv)
Armour fits poorly on your strangely shaped body.
Your system is resistant to poisons. (rPois)
You cover ground very slowly.
You can spit poison.
You have a snake-like lower body.


Message History

Aiming: Poisonous Vapours (safe; 1% risk of failure)
Press: ? - help, Q - select action, (/) - cycle Dir - move target, f/p - kobold demonologist
Aim: a kobold demonologist, wielding a +0 dagger and wearing a +0 robe (heavily wounded, very poisoned) Poisonous vapours surround the kobold demonologist!
The kobold demonologist looks as sick as possible!
The sixfirhy hits you! The sixfirhy shocks you!
The kobold demonologist hits you but does no damage.
You puncture the kobold demonologist!
The kobold demonologist is severely wounded.
The kobold demonologist casts a spell.
You completely miss the kobold demonologist.
The kobold demonologist is almost dead.
You barely miss the kobold demonologist.
The kobold demonologist is almost dead.
The sixfirhy hits you! The sixfirhy shocks you!
The kobold demonologist looks satisfied for a moment.
The sixfirhy hits you.
* * * LOW HITPOINT WARNING * * *
The sixfirhy shocks you!
* * * LOW HITPOINT WARNING * * *
You hit the kobold demonologist but do no damage.
The kobold demonologist is almost dead.
The sixfirhy hits you but does no damage.
The sixfirhy hits you.
* * * LOW HITPOINT WARNING * * *
The sixfirhy shocks you!
* * * LOW HITPOINT WARNING * * *
The kobold demonologist looks encouraged for a moment.
The rust devil hits you. The rust devil corrodes you!
Aiming: Poisonous Vapours (safe; 1% risk of failure)
Press: ? - help, Q - select action, (/) - cycle Dir - move target, f/p - kobold demonologist
Aim: a kobold demonologist, wielding a +0 dagger and wearing a +0 robe (almost dead, extremely poisoned) Poisonous vapours surround the kobold demonologist!
The kobold demonologist looks as sick as possible!
The sixfirhy hits you but does no damage.
The sixfirhy hits you.
* * * LOW HITPOINT WARNING * * *
The sixfirhy shocks you!
You die...
Kikubaaqudgha rasps: "You have failed me!
Welcome... death!"

.......<....#########
....................#
.......(............#
............####..##
..................#
..................#
.............../..# .#
################..##..##
...............4@.......
................K3......
........................
......................(.
..............).....[...
.............[..#...#...
.......[.....[.)#...#(!.
.............[..#...# ..
................#...#


You could see a rust devil (summoned), a kobold demonologist (extremely
poisoned) and a sixfirhy (summoned).

Vanquished Creatures
  A two-headed ogre (D:10)
  2 kobold demonologists (D:9)
  2 trolls (D:8)
  A hornet (D:8)
  Prince Ribbit (D:6)
  A wyvern (D:8)
  12 yaks
  2 water moccasins
  An ice beast (D:6)
  7 orc warriors
  4 sky beasts
  A black bear (D:6)
  8 ogres
  A centaur (D:7)
  5 kobold brigands
  4 bullfrogs
  2 scorpions (D:4)
  4 wights (D:8)
  6 killer bees (D:9)
  An electric eel (D:7)
  10 howler monkeys
  A jelly (D:6)
  12 hounds
  9 orc priests
  5 gnoll boudas
  4 sleepcaps
  4 iguanas
  14 orc wizards
  13 gnolls
  7 adders
  A shadow imp (D:5)
  An ufetubus (D:5)
  A worm (D:3)
  A dart slug (D:1)
  36 orcs
  5 ball pythons
  5 endoplasms
  3 giant cockroaches
  6 goblins
  2 hobgoblins
  9 jackals
  8 quokkas
  2 bats
  4 frilled lizards
  18 kobolds
  5 rats
252 creatures vanquished.

Vanquished Creatures (others)
  A plant (D:8)
1 creature vanquished.

Grand Total: 253 creatures vanquished

Notes
Turn   | Place    | Note
-------+----------+-------------------------------------------
     0 | D:1      | DeathPants the Naga Venom Mage began the quest for the Orb.
     0 | D:1      | Reached XP level 1. HP: 15/15 MP: 3/3
   163 | D:1      | Reached XP level 2. HP: 9/22 MP: 0/5
   228 | D:1      | Learned a level 2 spell: Poisonous Vapours
  1076 | D:1      | Reached skill level 5 in Poison Magic
  1082 | D:1      | Reached XP level 3. HP: 9/28 MP: 2/6
  1332 | D:2      | Learned a level 3 spell: Mephitic Cloud
  1490 | D:2      | Found a faded altar of an unknown god.
  2268 | D:4      | Found an ancient bone altar of Kikubaaqudgha.
  2284 | D:4      | Became a worshipper of Kikubaaqudgha
  2299 | D:4      | Found Humnicof's Book Shop.
  2317 | D:3      | Reached XP level 4. HP: 27/36 MP: 4/8
  2989 | D:4      | Reached skill level 6 in Poison Magic
  3023 | D:4      | Noticed an ogre
  3045 | D:4      | Killed an ogre
  3046 | D:4      | Reached XP level 5. HP: 42/42 MP: 2/11
  3166 | D:4      | Reached XP level 6. HP: 44/49 MP: 6/12
  3347 | D:4      | Found a blossoming altar of Fedhas.
  3349 | D:5      | Entered Level 5 of the Dungeon
  3633 | D:4      | Identified the +10 dagger of Obsession {elec, rElec rN+
                  | Int-4}
  3834 | D:4      | Learned a level 4 spell: Olgreb's Toxic Radiance
  3976 | D:5      | Reached * piety under Kikubaaqudgha
  3976 | D:5      | Received a gift from Kikubaaqudgha
  3984 | D:5      | Learned a level 2 spell: Sublimation of Blood
  4040 | D:5      | Reached skill level 1 in Conjurations
  4149 | D:5      | Noticed a water moccasin
  4164 | D:5      | Killed a water moccasin
  4165 | D:5      | Reached XP level 7. HP: 28/55 MP: 2/13
  5684 | D:5      | Found a snail-covered altar of Cheibriados.
  5694 | D:5      | Found a hide-covered altar of Uskayaw.
  5831 | D:6      | Reached XP level 8. HP: 33/62 MP: 14/14
  5957 | D:6      | Found a shadowy altar of Dithmenos.
  5967 | D:6      | Found a burning altar of Makhleb.
  6053 | D:6      | Reached skill level 1 in Fighting
  6218 | D:6      | Found a staircase to the Ecumenical Temple.
  6408 | D:6      | Found a sacrificial altar of Ru.
  6506 | D:6      | Reached ** piety under Kikubaaqudgha
  6820 | D:6      | Reached skill level 5 in Fighting
  7232 | D:6      | Reached XP level 9. HP: 58/82 MP: 1/15
  7882 | D:6      | Reached skill level 5 in Stealth
  8432 | D:7      | Noticed Prince Ribbit
  8475 | D:6      | Killed Prince Ribbit
  8944 | D:7      | Reached skill level 7 in Poison Magic
  9509 | D:7      | Reached XP level 10. HP: 79/96 MP: 3/17
  9726 | D:7      | Learned a level 4 spell: Animate Dead
  9743 | D:7      | Found a radiant altar of Vehumet.
 10043 | D:7      | Reached skill level 5 in Spellcasting
 10498 | D:8      | Reached *** piety under Kikubaaqudgha
 10498 | D:8      | Received a gift from Kikubaaqudgha
 10966 | D:8      | Found an ornate altar of the Wu Jian Council.
 11073 | D:8      | Reached skill level 5 in Short Blades
 11235 | D:8      | Reached skill level 8 in Poison Magic
 11481 | D:8      | Reached skill level 9 in Poison Magic
 11982 | D:8      | Reached XP level 11. HP: 103/103 MP: 4/20
 12375 | D:8      | HP: 1/103 [troll (13)]
 12381 | D:8      | Reached skill level 10 in Poison Magic
 12807 | D:8      | Reached **** piety under Kikubaaqudgha
 13697 | D:9      | Found Isif's Fire Supplies.
 13771 | D:9      | Identified the +0 ring mail "Qiechaim" {rN+ Regen+ Str-5}
 13871 | D:9      | Noticed a sun demon
 13878 | D:9      | Reached skill level 1 in Necromancy
 13878 | D:10     | Entered Level 10 of the Dungeon
 13878 | D:10     | Noticed a two-headed ogre
 13888 | D:10     | Killed a two-headed ogre
 14114 | D:9      | Noticed a sixfirhy
 14124 | D:9      | HP: 5/103 [sixfirhy[a kobold demonologist] (9)]
 14125 | D:9      | HP: 1/103 [sixfirhy[a kobold demonologist] (6)]
 14125 | D:9      | Mangled by a sixfirhy

Illustrated notes

Levels and vault maps discovered:
D:1:      mrwooster_arrival_arrow, layout_basic
D:2:      layout_basic, ebering_ecumenical_altar_rust
D:3:      layout_basic, fountainhead, minmay_misc_feat_four_crosses,
          roderic_roman_lattice
D:4:      layout_basic, mainiacjoe_overflow_cross_hatched,
          nicolae_kikubaaqudgha_miasma_corner, serial_shops, shop
D:5:      layout_cave_pods, mainiacjoe_overflow_big_doors,
          minmay_tree_intersection
D:6:      layout_cave_pods, mainiacjoe_overflow_alcove_2,
          nicolae_overflow_crystal_walls, grunt_dithmenos_smoke, temple_green,
          mrwooster_statue_mirror
D:7:      layout_cave_pods, mainiacjoe_overflow_alcove_1, enter_ossuary_5,
          nicolae_lava_and_water, minmay_fractal_squares_diagonal_5,
          uniq_prince_ribbit1
D:8:      lemuel_castle_with_subvaults [lemuel_castle_interior_carwin_3],
          layout_loops_cross, nicolae_wu_jian_wuxing_cycle, nrook_loot_triangle
D:9:      lemuel_ice_statue, layout_grid_maze, mainiacjoe_overflow_chevrons,
          trog_ov_bears_minmay, nicolae_shop_fire_sale [nicolae_sub_dead_trees],
          chequers_mini_garden
D:10:     layout_big_octagon, ebering_ghost_gozag, serial_column_ruins,
          column_ruins_hut, column_ruins_corridor_straight, column_ruins_grid_1,
          column_ruins_open_tiny, column_ruins_columns_dead_end,
          column_ruins_open_tiny, column_ruins_columns_corner, serial_shops,
          shop, palyth_stone_intersect, minivault_4, nicolae_stop_n_shop_2

Skill      XL: |  1  2  3  4  5  6  7  8  9 10 11 |
---------------+----------------------------------+-----
Poison Magic   | 5 6 7 9 10 | 10.0
Spellcasting   | 4 6 8 |  8.0
Air Magic      | 2 4 |  4.0
Conjurations   | 2 4 |  4.0
Dodging        | 3 4 |  4.0
Fighting       | 6 8 |  8.0
Stealth        | 8 |  8.0
Short Blades   | 6 |  6.0
Necromancy     | 3 |  3.2
Transmutations | |  1.0

Action                     |  1- 3 |  4- 6 |  7- 9 | 10-12 || total
---------------------------+-------+-------+-------+-------++-------
  Melee: Dagger            |    24 |       |   376 |   271 ||   671
         Whip              |    20 |       |       |       ||    20
         Trident           |    29 |    97 |     5 |       ||   131
         Punch             |       |     3 |    11 |     5 ||    19
         Short sword       |       |       |       |    17 ||    17
   Cast: Sting             |    41 |    41 |    13 |       ||    95
         Poisonous Vapours |       |    22 |   123 |   150 ||   295
         Mephitic Cloud    |       |       |    18 |     1 ||    19
         Sublimation of Bl |       |       |     2 |       ||     2
         Olgreb's Toxic Ra |       |       |     7 |    37 ||    44
Ability: Spit Poison       |     1 |       |     2 |       ||     3
    Use: Scroll            |       |    15 |     6 |     5 ||    26
         Potion            |       |     1 |     2 |     4 ||     7
   Stab: Sleeping          |     1 |     2 |     1 |       ||     4
         Confused          |       |       |    16 |     1 ||    17
         Invisible         |       |       |       |     3 ||     3
 Armour: Robe              |    28 |    67 |   131 |    40 ||   266
         Troll leather arm |       |       |       |    25 ||    25
  Dodge: Dodged            |    46 |    86 |   246 |   133 ||   511

Table legend: (Time is in decaauts)
 A = Elapsed time spent in this place.
 B = Non-inter-level travel time spent in this place.
 C = Inter-level travel time spent in this place.
 D = Time resting spent in this place.
 E = Time spent auto-exploring this place.
 F = Levels seen in this place.
 G = Mean time per level.
                   A        B        C        D        E       F      G
               +--------+--------+--------+--------+--------+-----+--------+
         Total |  16303 |  15915 |    388 |   1808 |  10846 |  10 | 1630.3 |
       Dungeon |  16303 |  15915 |    388 |   1808 |  10846 |  10 | 1630.3 |
               +--------+--------+--------+--------+--------+-----+--------+

Top non-repeatable levels by time:
     D:8: 3373 daAuts
     D:6: 2871 daAuts
     D:7: 2456 daAuts
     D:5: 2301 daAuts
     D:1: 1631 daAuts
     D:3: 1163 daAuts
     D:4: 1141 daAuts
     D:2: 881 daAuts
     D:9: 251 daAuts
    D:10: 230 daAuts
